 Dungeon Crawl Stone Soup version 0.23.0 (webtiles) character file.

Game seed: 16847000783105783646

0 Monsterracer the Firebug (level 1, -1/14 HPs)
             Began as a Draconian Fire Elementalist on Feb 9, 2019.
             Slain by a dart slug (2 damage)
             ... on level 1 of the Dungeon.
             The game lasted 00:00:12 (21 turns).

Monsterracer the Firebug (DrFE)                       Turns: 21, Time: 00:00:13

Health: -1/14      AC:  4    Str: 10    XL:     1   Next: 8%
Magic:  0/3        EV: 12    Int: 15    God:
Gold:   0          SH:  0    Dex: 11    Spells: 3/4 levels left

rFire    . . .     SeeInvis .   (no weapon)
rCold    . . .     Gourm    .   (no shield)
rNeg     . . .     Faith    .   (armour unavailable)
rPois    .         Spirit   .   (helmet restricted)
rElec    .         Reflect  .   (no cloak)
rCorr    .         Harm     .   (no gloves)
MR       .....                  (no boots)
Stlth    ++........             (no amulet)
HPRegen  0.04/turn              (no ring)
MPRegen  0.08/turn              (no ring)

@: very slightly contaminated
A: unfitting armour, cold-blooded, AC +4
a: no special abilities


You were on level 1 of the Dungeon.
You were not hungry.

You visited 1 branch of the dungeon, and saw 1 of its levels.

Inventory:

Comestibles
 c - a ration


   Skills:
 - Level 1.7 Dodging
 - Level 1.7 Stealth
 + Level 2.0 Spellcasting
 * Level 1.0 Conjurations
 * Level 3.0 Fire Magic


You had 3 spell levels left.
You knew the following spells:

 Your Spells              Type           Power        Failure   Level  Hunger
a - Flame Tongue          Conj/Fire      #....        10%         1    #......

Your spell library contained the following spells:

 Spells                   Type           Power        Failure   Level  Hunger
 Throw Flame              Conj/Fire      #.....       14%         2    ###....
 Conjure Flame            Conj/Fire      #.......     28%         3    ###....
 Inner Flame              Hex/Fire       #.......     34%         3    ###....
 Sticky Flame             Conj/Fire      #.......     67%         4    #####..
 Fireball                 Conj/Fire      #.........   95%         5    ######.


Dungeon Overview and Level Annotations

Branches:
Dungeon (1/15)

Altars:


Innate Abilities, Weirdness & Mutations

Your plain brown scales are hard. (AC +4)
You cannot fit into any form of body armour.
You are cold-blooded and may be slowed by cold attacks.


Message History

c - a ration Welcome, Monsterracer the Draconian Fire Elementalist.
Will you be the one to retrieve the fabulous Orb of Zot from the depths?
Press ? for a list of commands and other information.
Found 12 gold pieces.
Found a staircase leading out of the dungeon.
A rat and a dart slug come into view.
Found an escape hatch in the floor.
There are monsters nearby!
There are monsters nearby!
Casting: Flame Tongue (safe; 10% risk of failure)
Confirm with . or Enter, or press ? or * to list all spells.
Aiming: Flame Tongue (safe; 10% risk of failure)
Press: ? - help, Shift-Dir - straight line, f - rat
Aim: a rat You miscast Flame Tongue.
You are very lightly contaminated with residual magic.
Nothing appears to happen.
You now have 2/3 mp.
Casting: Flame Tongue (safe; 10% risk of failure)
Confirm with . or Enter, or press ? or * to list all spells.
Aiming: Flame Tongue (safe; 10% risk of failure)
Press: ? - help, Shift-Dir - straight line, f/p - rat
Aim: a rat The flame tongue misses the rat.
You now have 1/3 mp.
You closely miss the rat.
Your tail-slap misses the rat.
Casting: Flame Tongue (safe; 10% risk of failure)
Confirm with . or Enter, or press ? or * to list all spells.
Aiming: Flame Tongue (safe; 10% risk of failure)
Press: ? - help, Shift-Dir - straight line, f/p - rat
Aim: a rat The flame tongue misses the rat.
The rat bites you.
You take 1 damage, and have 13/14 hp.
You now have 0/3 mp.
You barely miss the rat. The rat completely misses you.
You hit the rat.
The rat is moderately wounded.
The rat bites you but does no damage.
You closely miss the rat.
The rat is moderately wounded.
The rat bites you but does no damage.
You hit the rat.
Your tail-slap misses the rat.
The rat is severely wounded.
The rat barely misses you. The dart slug misses you.
You closely miss the rat.
You tail-slap the rat, but do no damage.
The rat is severely wounded.
The rat bites you. The dart slug barely misses you.
You take 3 damage, and have 10/14 hp.
MASSIVE DAMAGE!!
You closely miss the rat.
Your tail-slap misses the rat.
The rat is severely wounded.
The rat bites you but does no damage.
You closely miss the rat.
The rat is moderately wounded.
The rat barely misses you. The dart slug bites you.
You take 1 damage, and have 9/14 hp.
You barely miss the rat.
The rat is moderately wounded.
The rat closely misses you. The dart slug closely misses you.
You barely miss the rat.
The rat is moderately wounded.
The rat barely misses you. The dart slug closely misses you.
You hit the rat.
You kill the rat!
Casting: Flame Tongue (safe; 10% risk of failure)
Confirm with . or Enter, or press ? or * to list all spells.
Aiming: Flame Tongue (safe; 10% risk of failure)
Press: ? - help, Shift-Dir - straight line, f - dart slug
Aim: a dart slug The flame tongue hits the dart slug.
The dart slug is heavily wounded.
The dart slug bites you.
* * * LOW HITPOINT WARNING * * *
You take 3 damage, and have 6/14 hp.
MASSIVE DAMAGE!!
You now have 0/3 mp.
You hit the dart slug. You tail-slap the dart slug.
The dart slug is almost dead.
The dart slug bites you but does no damage.
You hit the dart slug but do no damage.
The dart slug is almost dead.
You barely miss the dart slug.
The dart slug is almost dead.
The dart slug closely misses you.
You hit the dart slug but do no damage.
The dart slug is almost dead.
The dart slug launches a dart at you. The slug dart hits you.
* * * LOW HITPOINT WARNING * * *
You take 5 damage, and have 1/14 hp.
MASSIVE DAMAGE!!
You hit the dart slug but do no damage.
The dart slug is almost dead.
You hit the dart slug but do no damage.
You tail-slap the dart slug, but do no damage.
The dart slug is almost dead.
The dart slug bites you.
You die...

#.#############
#..............
#....w@........
#.##.†#<#>##..
.....### #.##.#
# ##


You could see a dart slug.

Vanquished Creatures
  A rat (D:1)
1 creature vanquished.

Notes
Turn   | Place    | Note
-------+----------+-------------------------------------------
     0 | D:1      | Monsterracer the Draconian Fire Elementalist began the
                  | quest for the Orb.
     0 | D:1      | Reached XP level 1. HP: 14/14 MP: 3/3
    15 | D:1      | HP: 6/14 [dart slug (3)]
    19 | D:1      | HP: 1/14 [dart slug/slug dart (5)]
    21 | D:1      | Slain by a dart slug

Action                   || total
-------------------------++-------
Melee: Unarmed           ||    17
       Tailslap          ||     3
 Cast: Flame Tongue      ||     3
Armor: Skin              ||     4
Dodge: Dodged            ||    10

Levels and vault maps discovered:
D:1:      onia_arrival_handbag, layout_basic
